 Dungeon Crawl Stone Soup version 0.20.1-1-g8b1a95d (webtiles) character file.

1007 Jerry the Chopper (level 8, -9/42 HPs)
             Began as a Vine Stalker Fighter on Nov 1, 2017.
             Was a Follower of Okawaru.
             Mangled by an orc warrior
             ... wielding a +0 halberd
              (17 damage)
             ... on level 6 of the Dungeon on Nov 4, 2017.
             The game lasted 00:19:46 (4174 turns).

Jerry the Chopper (Vine Stalker Fighter)            Turns: 4174, Time: 00:19:47

Health: -9/42      AC: 10    Str: 20    XL:     8   Next: 20%
Magic:  0/10       EV: 15    Int:  8    God:    Okawaru [*.....]
Gold:   284        SH:  3    Dex: 20    Spells: 7/7 levels left

rFire    + . .     SeeInvis +   a - +0 war axe
rCold    . . .     Gourm    .   (no shield)
rNeg     . . .     Faith    .   d - +2 ring mail {rF+}
rPois    .         Spirit   +   l - +0 helmet
rElec    .         Reflect  +   (no cloak)
rCorr    .         Harm     .   (no gloves)
MR       +....                  (no boots)
Stlth    +++.......             u - +3 amulet of reflection
Regen    0.6/turn               p - ring of see invisible
MPRegen  0.2/turn               w - +5 ring of dexterity (curse)

@: heroism
A: fangs 3, regeneration 1, magic shield, antimagic bite, no potion heal 3, rot
immunity
a: Heroism, Renounce Religion


You were on level 6 of the Dungeon.
You worshipped Okawaru.
Okawaru was aware of your devotion.
You were not hungry.

You visited 2 branches of the dungeon, and saw 7 of its levels.

You collected 284 gold pieces.

Inventory:

Hand Weapons
 a - a +0 war axe (weapon)
Missiles
 o - 5 javelins of returning (quivered)
Armour
 c - a +0 shield
 d - a +2 ring mail of fire resistance (worn)
 l - a +0 helmet (worn)
Jewellery
 p - a ring of see invisible (left hand)
 u - a +3 amulet of reflection (around neck)
 w - a cursed +5 ring of dexterity (right hand)
Wands
 s - a wand of confusion (15/48)
Scrolls
 e - a scroll of enchant weapon {unknown}
 h - a scroll of fear {unknown}
 j - 3 scrolls of remove curse {unknown}
 k - 2 scrolls of teleportation {unknown}
 n - 2 scrolls of identify
 y - a scroll of recharging {unknown}
 z - 2 scrolls of magic mapping {unknown}
Potions
 b - a potion of might
 g - a potion of agility
 i - a potion of magic {unknown}
 m - 4 potions of haste {unknown}
 q - 2 potions of lignification {unknown}
 r - a potion of brilliance {unknown}
 v - 3 potions of heal wounds {unknown}
 x - a potion of curing {unknown}
 A - a potion of ambrosia {unknown}
Comestibles
 f - 6 bread rations


   Skills:
 + Level 4.2(9.2) Fighting
 * Level 6.1(11.1) Axes
 + Level 4.4(9.4) Armour
 - Level 1.1(6.1) Dodging
 - Level 0.3(5.3) Stealth
 - Level 2.6(7.6) Shields
 + Level 2.3 Invocations


You had 7 spell levels left.
You didn't know any spells.

Dungeon Overview and Level Annotations

Branches:
Dungeon (6/15)             Temple (1/1) D:4

Altars:
Ashenzari
Elyvilon
Gozag
Nemelex Xobeh
Okawaru
Qazlal
Ru
Sif Muna
Trog
Uskayaw
Vehumet
Yredelemnul
The Shining One


Innate Abilities, Weirdness & Mutations

You have razor-sharp teeth.
Your natural rate of healing is unusually fast.
When hurt, damage is shared between your health and your magic reserves.
Your bite disrupts and absorbs the magic of your enemies.
Potions cannot restore your health.
You are immune to rotting.


Message History

The orc warrior hits you with a halberd!
You hit the orc warrior but do no damage.
You bite the orc warrior, but do no damage.
The orc warrior is heavily wounded.
The orc warrior hits you with a halberd.
You closely miss the orc warrior.
The orc warrior is heavily wounded.
You block the orc warrior's attack.
You closely miss the orc warrior. Your bite misses the orc warrior.
The orc warrior is heavily wounded.
The orc warrior hits you with a halberd!
* * * LOW HITPOINT WARNING * * *
You slash the orc warrior!
You bite the orc warrior, but do no damage.
The orc warrior is severely wounded.
The orc warrior hits you with a halberd.
* * * LOW HITPOINT WARNING * * *
You gain the combat prowess of a mighty hero.
The orc warrior hits you with a halberd!
You die...

o...... ..#. #..#
....[.. #..#. #..#
.......##..#. #[.######
........#..#. #..##...#
#.#..#. #..##.#.#
#.#..#.##...#<#.#
#.#..#..<...#.#)#
#...o##.......#.#
##..oo@.....#...#
#########..###..#..#####
..........>..#........
.........###.#)..#####
.........# #.###<#
.........# #.# #.#
.........# #.# .#
.........# #.# .#
.........# #.#


You could see an orc warrior and 2 orcs.

Vanquished Creatures
  Edmund (D:4)
  A phantom (D:5)
  An ogre (D:6)
  2 centaurs (D:5)
  A scorpion (D:4)
  A howler monkey (D:5)
  A bullfrog zombie (D:5)
  4 orc wizards
  A bullfrog skeleton (D:5)
  2 iguanas
  2 worker ants
  A hound zombie (D:5)
  Robin (D:1)
  3 adders
  3 gnolls (D:2)
  2 oozes
  An adder skeleton (D:5)
  A worm (D:2)
  4 leopard geckos
  17 orcs
  5 giant cockroaches
  15 goblins
  10 hobgoblins
  5 jackals
  5 kobolds
  2 quokkas (D:2)
  3 bats
  8 frilled lizards
  A leopard gecko skeleton (D:5)
  9 rats
113 creatures vanquished.

Notes
Turn   | Place    | Note
-------+----------+-------------------------------------------
     0 | D:1      | Jerry the Vine Stalker Fighter began the quest for the Orb.
     0 | D:1      | Reached XP level 1. HP: 11/11 MP: 2/2
   123 | D:1      | Reached skill level 2 in Axes
   192 | D:1      | Reached XP level 2. HP: 16/16 MP: 3/3
   537 | D:2      | Found a glowing golden altar of the Shining One.
   591 | D:2      | Noticed Robin
   608 | D:1      | Reached XP level 3. HP: 18/20 MP: 4/4
   719 | D:1      | Killed Robin
   943 | D:2      | Gained mutation: Your natural rate of healing is unusually fast. [Vine Stalker growth]
   943 | D:2      | Reached XP level 4. HP: 24/24 MP: 3/5
  1007 | D:2      | Reached skill level 3 in Axes
  1146 | D:2      | Found a faded altar of an unknown god.
  1364 | D:2      | Found a deep blue altar of Sif Muna.
  1460 | D:3      | Reached XP level 5. HP: 10/28 MP: 2/6
  1887 | D:3      | Reached skill level 4 in Axes
  2140 | D:3      | Reached XP level 6. HP: 17/32 MP: 3/7
  2273 | D:4      | Found a basalt altar of Yredelemnul.
  2351 | D:4      | You fall through a shaft!
  2351 | D:5      | Entered Level 5 of the Dungeon
  2422 | D:4      | Noticed Edmund
  2432 | D:4      | Killed Edmund
  2432 | D:4      | Reached skill level 1 in Dodging
  2459 | D:4      | Reached skill level 5 in Axes
  2666 | D:4      | Reached XP level 7. HP: 22/36 MP: 4/8
  2722 | D:4      | Found an iron altar of Okawaru.
  2723 | D:4      | Found a staircase to the Ecumenical Temple.
  2737 | Temple   | Entered the Ecumenical Temple
  3136 | D:4      | Became a worshipper of Warmaster Okawaru
  3335 | D:5      | Reached skill level 1 in Invocations
  3573 | D:5      | Reached * piety under Okawaru
  3573 | D:5      | Gained mutation: You have razor-sharp teeth. [Vine Stalker growth]
  3573 | D:5      | Reached XP level 8. HP: 41/42 MP: 10/10
  4094 | D:6      | Reached skill level 6 in Axes
  4174 | D:6      | Mangled by an orc warrior

Skill      XL: |  1  2  3  4  5  6  7  8 |
---------------+-------------------------+-----
Axes           | 2 3 4 5 6 |  6.1
Fighting       | 3 4 |  4.2
Armour         | 3 4 |  4.4
Dodging        | 1 |  1.1
Invocations    | 2 |  2.3
Stealth        | |  0.3
Shields        | |  2.6

Action                   |  1- 3 |  4- 6 |  7- 9 || total
-------------------------+-------+-------+-------++-------
Melee: War axe           |    74 |   198 |   115 ||   387
       Bite              |    23 |    58 |    48 ||   129
Invok: Heroism           |       |       |     1 ||     1
  Use: Scroll            |       |     3 |     1 ||     4
       Potion            |       |     1 |       ||     1
  Eat: Chunk             |       |     6 |     1 ||     7
       Fruit             |       |       |     2 ||     2
       Meat ration       |       |       |     1 ||     1
Armor: Scale mail        |    44 |    90 |       ||   134
       Ring mail         |       |     9 |    30 ||    39
Dodge: Dodged            |    40 |   112 |    52 ||   204
Block: Other             |       |       |     2 ||     2
